 Dungeon Crawl Stone Soup version 0.30-a0-140-gd1020e658a (webtiles) character file.

Game seed: 15427098707316080948

85 jimonade the Sneak (level 4, 0/33 HPs)
             Began as a Demonspawn Brigand on Sept 24, 2022.
             Slain by an ogre
             ... wielding a +0 giant spiked club
              (9 damage)
             ... on level 6 of the Dungeon.
             The game lasted 00:03:32 (2321 turns).

jimonade the Sneak (Demonspawn Brigand)             Turns: 2321, Time: 00:03:33

Health: 0/33       AC:  4    Str: 11    XL:     4   Next: 25%
Magic:  4/4        EV: 11    Int: 14    God:
Gold:   130        SH:  4    Dex: 15    Spells: 3/3 levels left

rFire   . . .      SeeInvis .    j - +1 spear (venom)
rCold   . . .      Faith    .    (no shield)
rNeg    . . .      Spirit   .    t - +0 leather armour
rPois   .          Reflect  .    (no helmet)
rElec   .          Harm     .    c - +0 cloak
rCorr   .          Rampage  .    (no gloves)
Will    .....                    (no boots)
Stlth   ++........               (no amulet)
HPRegen 0.11/turn                (no ring)
MPRegen 0.18/turn                (no ring)

@: no status effects
A: large bone plates 1, spiny 1, magic regeneration
a: no special abilities


You were on level 6 of the Dungeon.
You visited 1 branch of the dungeon, and saw 4 of its levels.

You collected 130 gold pieces.

Inventory:

Hand Weapons
 a - a +2 dagger
 j - a +1 spear of venom (weapon)
 n - a +0 short sword
Missiles
 d - 9 poisoned darts (quivered)
 e - 7 curare-tipped darts
 g - 6 boomerangs of dispersal
 y - 3 atropa-tipped darts
Armour
 b - a +0 robe
 c - a +0 cloak (worn)
 m - a +0 robe
 t - a +0 leather armour (worn)
Magical Staves
 A - a staff of death
Jewellery
 p - an amulet of faith
Wands
 w - a wand of mindburst (14)
Scrolls
 f - a scroll of immolation {unknown}
 h - 2 scrolls of enchant weapon {unknown}
 i - a scroll of identify {unknown}
 k - 2 scrolls of vulnerability {unknown}
 l - a scroll of magic mapping {unknown}
 o - 3 scrolls of teleportation {unknown}
 q - a scroll of enchant armour {unknown}
 x - a scroll of summoning {unknown}
Potions
 r - a potion of attraction {unknown}
 s - a potion of haste {unknown}
 u - a potion of mutation {unknown}
 v - 4 potions of heal wounds {unknown}
 z - a potion of brilliance {unknown}
 B - a potion of ambrosia {unknown}
 C - a potion of curing {unknown}


   Skills:
 - Level 2.0 Fighting
 - Level 2.2 Short Blades
 + Level 3.3 Polearms
 - Level 1.7 Throwing
 - Level 0.8 Dodging
 - Level 3.6 Stealth


You had 3 spell levels left.
You didn't know any spells.
Your spell library contained the following spells:

 Spells                   Type           Power      Damage    Failure   Level
 Slow                     Hex            0%         N/A       36%         1
 Confusing Touch          Hex            0%         N/A       75%         3
 Vampiric Draining        Necr           0%         2d6       75%         3


Dungeon Overview and Level Annotations

Branches:
Dungeon (3/15)

Altars:

Shops:
D:2 [   D:6 :


Innate Abilities, Weirdness & Mutations

You are partially covered in large bone plates. (SH +4)
You are partially covered in sharp spines.
You regenerate magic rapidly.


Message History

The jelly is almost dead.
You kill the jelly!
Your Polearms skill increases to level 3!
You have reached level 4!
You feel agile.
Your demonic ancestry asserts itself...
Your magic begins to regenerate rapidly.
Okay, then.
Unknown command.
Unknown command.
You hear the slow rusting of a very distant drain.
HP restored.
You open the door.
Found Secaog's Book Shop.
Found a stone staircase leading up.
There is an open door here.
There is an entrance to Secaog's Book Shop here.
There is a stone staircase leading up here.
Found a quarterstaff.
You open the door.
An ogre comes into view. It is wielding a +0 giant spiked club.
Found a stone staircase leading down.
There is an open door here.
You hit the ogre but do no damage. You barely miss the ogre.
The ogre is struck by your spines. The ogre closely misses you.
You barely miss the ogre.
The ogre is lightly wounded.
The ogre is struck by your spines.
The ogre hits you with a +0 giant spiked club!!
Ouch! That really hurt!
* * * LOW HITPOINT WARNING * * *
You are too injured to fight recklessly!
You are too injured to fight recklessly!
You are too injured to fight recklessly!
You hit the ogre but do no damage.
The ogre is poisoned.
The ogre is lightly wounded.
You barely miss the ogre.
The ogre is lightly wounded.
The ogre is struck by your spines.
The ogre hits you with a +0 giant spiked club!
You die...

...#........#
.####'###..######
.###...##..##...##
..#....#.........#
..#>...#.........#
.##'##.##.###.##########
)##.# .##.###.###.......
....#
....+....#......ยงยง
....# ....#....'@O>#
....# ...)##..##.###
######^... #..##.#
#...... #......#
#......# +......#
#......+


You could see an ogre (very poisoned).

Vanquished Creatures
  A jelly (D:6)
  3 adders
  A worm (D:2)
  An endoplasm (D:2)
  A giant cockroach (D:2)
  8 hobgoblins
  A kobold (D:1)
  A quokka (D:3)
  3 ball pythons
  3 bats
  3 frilled lizards
  A rat (D:1)
27 creatures vanquished.

Notes
Turn   | Place    | Note
-------+----------+-------------------------------------------
     0 | D:1      | jimonade the Demonspawn Brigand began the quest for the
                  | Orb.
     0 | D:1      | Reached XP level 1. HP: 16/16 MP: 1/1
     6 | D:1      | Noticed a killer bee
     6 | D:1      | Noticed a water moccasin
     6 | D:1      | Noticed a polar bear
     7 | D:1      | Noticed a lindwurm
     7 | D:1      | Noticed a komodo dragon
   503 | D:1      | Found a faded altar of an unknown god.
   536 | D:1      | Gained mutation: You are partially covered in large bone
                  | plates. (SH +4) [demonic ancestry]
   536 | D:1      | Reached XP level 2. HP: 20/22 MP: 2/2
   576 | D:1      | Reached skill level 1 in Polearms
  1671 | D:2      | Gained mutation: You are partially covered in sharp spines.
                  | [demonic ancestry]
  1671 | D:2      | Reached XP level 3. HP: 9/27 MP: 3/3
  1975 | D:2      | Found Noupti's Armour Shop.
  2233 | D:3      | You fall into a shaft and drop 3 floors!
  2249 | D:6      | Gained mutation: You regenerate magic rapidly. [demonic
                  | ancestry]
  2249 | D:6      | Reached XP level 4. HP: 28/33 MP: 4/4
  2288 | D:6      | Found Secaog's Book Shop.
  2314 | D:6      | Noticed an ogre
  2321 | D:6      | Slain by an ogre

Illustrated notes

Levels and vault maps discovered:
D:1:      onia_arrival_zoo_common, layout_basic,
          shapermc_ecumenical_altar_acropolis, minmay_pentomino_z4
D:2:      layout_loops_cross, serial_shops, nicolae_shop_hallway_plus
D:3:      layout_rooms, cheibrodos_gnoll_hut, uniq_crazy_yiuf_cottage
D:6:      layout_gridville, minmay_temple_entry_mist, serial_shops,
          nicolae_shop_trees, cheibrodos_sewer_entry_sluice

Skill      XL: |  1  2  3 |
---------------+----------+-----
Short Blades   | 2 |  2.2
Polearms       | 2 3 |  3.3
Fighting       | |  2.0
Throwing       | |  1.7
Dodging        | |  0.8
Stealth        | |  3.6

Action                   |  1- 3 |  4- 6 || total
-------------------------+-------+-------++-------
Melee: Dagger            |    19 |       ||    19
       Spear             |    59 |     5 ||    64
 Stab: Sleeping          |    10 |       ||    10
Armor: Robe              |     4 |       ||     4
       Leather armour    |     4 |       ||     4
Dodge: Dodged            |    33 |     1 ||    34
Block: Other             |     2 |       ||     2

Table legend: (Time is in decaauts)
 A = Elapsed time spent in this place.
 B = Non-inter-level travel time spent in this place.
 C = Inter-level travel time spent in this place.
 D = Time resting spent in this place.
 E = Time spent auto-exploring this place.
 F = Levels seen in this place.
 G = Mean time per level.
                   A        B        C        D        E       F      G
               +--------+--------+--------+--------+--------+-----+--------+
         Total |   2319 |   2279 |     40 |    254 |   1743 |   4 |  579.8 |
       Dungeon |   2319 |   2279 |     40 |    254 |   1743 |   4 |  579.8 |
               +--------+--------+--------+--------+--------+-----+--------+

Top non-repeatable levels by time:
     D:2: 1070 daAuts
     D:1: 1042 daAuts
     D:3: 118 daAuts
     D:6: 87 daAuts
